 Seeded DCSS version 0.29.1-13-g9f3cf754e1 (webtiles) character file.

Game seed: 20230121 (custom seed)

2569 stormannn the Spear-Bearer (level 9, -7/74 HPs)
             Began as a Gnoll Cinder Acolyte on Jan 21, 2023.
             Was an Elder of Ignis.
             Killed from afar by an acid dragon (17 damage)
             ... with a splash of acid
             ... on level 7 of the Dungeon.
             The game lasted 00:17:32 (7472 turns).

stormannn the Spear-Bearer (Gnoll Cinder Acolyte)   Turns: 7472, Time: 00:17:33

Health: -7/74      AC: 10    Str: 13    XL:     9   Next: 57%
Magic:  13/17      EV: 29    Int: 17    God:    Ignis [****..]
Gold:   449        SH:  9    Dex: 12    Spells: 11/18 levels left

rFire   + . .      SeeInvis +   a - -1 spear (flame)
rCold   . . .      Faith    .   v - +0 kite shield
rNeg    . . .      Spirit   .   m - +0 swamp dragon scales
rPois   +          Reflect  .   w - +1 hat {Int+3}
rElec   .          Harm     .   l - +0 cloak
rCorr   .          Rampage  .   (no gloves)
Will    .....                   (no boots)
Stlth   ++........              q - amulet of the acrobat
HPRegen 0.22/turn               f - +4 ring of evasion
MPRegen 0.15/turn               p - ring of see invisible

@: acrobatic, hasted, very quick
A: fangs 1, strong nose, distributed training
a: Renounce Religion, Fiery Armour, Foxfire Swarm, Rising Flame


You were on level 7 of the Dungeon.
You worshipped Ignis.
Ignis was greatly pleased with you.
You visited 1 branch of the dungeon, and saw 7 of its levels.

You collected 449 gold pieces.

Inventory:

Hand Weapons
 a - a -1 spear of flaming (weapon)
Missiles
 i - 11 poisoned darts (quivered)
Armour
 l - a +0 cloak (worn)
 m - +0 swamp dragon scales (worn)
 s - a +2 robe of cold resistance
 v - a +0 kite shield (worn)
 w - a +1 hat of intelligence (worn)
Magical Staves
 b - a staff of air
 h - a staff of earth
 y - a staff of earth
Jewellery
 f - a +4 ring of evasion (left hand)
 p - a ring of see invisible (right hand)
 q - an amulet of the acrobat (around neck)
Scrolls
 c - a scroll of vulnerability {unknown}
 o - 2 scrolls of amnesia
 r - 3 scrolls of teleportation
 x - a scroll of fog
Potions
 d - 4 potions of haste
 e - 3 potions of cancellation
 g - a potion of curing {unknown}
 k - 2 potions of attraction
 t - 2 potions of berserk rage {unknown}
 u - a potion of flight {unknown}
 z - a potion of degeneration {unknown}
 A - a potion of brilliance {unknown}


   Skills:
 + Level 8.0 Fighting
 + Level 4.5 Short Blades
 + Level 4.5 Long Blades
 + Level 4.5 Axes
 + Level 4.5 Maces & Flails
 + Level 8.0 Polearms
 + Level 4.5 Staves
 + Level 4.5 Ranged Weapons
 + Level 4.5 Throwing
 + Level 4.5 Armour
 + Level 4.5 Dodging
 + Level 4.5 Stealth
 + Level 4.5 Shields
 + Level 4.5 Unarmed Combat
 + Level 5.4 Spellcasting
 + Level 3.7 Conjurations
 + Level 3.7 Hexes
 + Level 3.7 Summonings
 + Level 3.7 Necromancy
 + Level 3.7 Translocations
 + Level 3.7 Transmutations
 + Level 6.7 Fire Magic
 + Level 3.7 Ice Magic
 + Level 3.7 Air Magic
 + Level 3.7 Earth Magic
 + Level 3.7 Poison Magic
 + Level 5.0 Invocations
 + Level 4.5 Evocations


You had 11 spell levels left.
You knew the following spells:

 Your Spells              Type           Power      Damage    Failure   Level
a - Scorch                Fire           54%        2d8       8%          2
b - Poisonous Vapours     Pois/Air       34%        N/A       26%         2
c - Inner Flame           Hex/Fire       22%        N/A       28%         3

Your spell library contained the following spells:

 Spells                   Type           Power      Damage    Failure   Level
 Sting                    Tmut/Pois      68%        1d6       17%         1
 Cause Fear               Hex            8%         N/A       86%         4
 Olgreb's Toxic Radiance  Pois           17%        N/A       86%         4
 Discord                  Hex            8%         N/A       100%        8


Dungeon Overview and Level Annotations

Branches:
Dungeon (7/15)             Temple (0/1) D:4

Altars:
Fedhas
Makhleb
Wu Jian
Yredelemnul

Shops:
D:4 (=([


Innate Abilities, Weirdness & Mutations

You have very sharp teeth.
Your uncanny sense of smell can sniff out nearby items.
Your experience applies equally to all skills.


Message History

The troll is lightly wounded.
The troll is no longer more vulnerable to fire.
The troll misses you. You block the troll's attack.
The troll claws you but does no damage.
You barely miss the troll.
The troll is lightly wounded.
The troll barely misses you. The troll closely misses you. The troll claws you!
Casting: Scorch (safe; 8% risk of failure)
Confirm with . or Enter, or press ? or * to list all spells.
Flames lash the troll.
The troll is moderately wounded.
The troll's fire resistance burns away.
You block the troll's attack. x2
The troll claws you but does no damage.
You hit the troll. You burn the troll. Your bite misses the troll.
The troll is moderately wounded.
You hit the troll. You burn the troll. You bite the troll, but do no damage.
The troll is moderately wounded.
The troll barely misses you. The troll claws you! The troll barely misses you.
You hit the troll but do no damage.
The troll is moderately wounded.
The troll bites you.
* * * LOW HITPOINT WARNING * * *
You block the troll's attack. The troll closely misses you.
You feel yourself speed up.
The troll is no longer more vulnerable to fire.
The troll closely misses you. You block the troll's attack. x2
You barely miss the troll.
The troll is moderately wounded.
The troll bites you.
* * * LOW HITPOINT WARNING * * *
The troll claws you.
* * * LOW HITPOINT WARNING * * *
You block the troll's attack.
There is an open door here.
An acid dragon comes into view.
The acid dragon roars!
You hear a shout! x2; You hear an angry growl.
A gargoyle comes into view. It is wielding a +0 mace.
The acid dragon spits acid at you. The splash of acid hits you!
You die...

...'...###8†8#..#
..##†### #8.8#####
..##.#.#.#8.8#.#.#
.....##..'...')(##
.....#...##8##.).#
....##'## ######T##
....#. #..# ....#
#..# ..### #@.# ##
..#### ..⌠...'.##
##. .....###
...⌠..### #..
.......# ⌠...⌠. #..
.......# ...D. #..
####...#
##'#9######## #..
.#######
#.##.##....# #..
.......+ .
##.'....###########.
.......#
###...##...##...###


You could see a troll, an acid dragon (catching breath) and a gargoyle
(wandering).

Vanquished Creatures
  A two-headed ogre (D:4)
  A steam dragon (D:7)
  2 black bears
  3 sky beasts (D:7)
  An ogre (D:6)
  A centaur (D:6)
  A necrophage (D:7)
  3 scorpions
  A wight (D:7)
  A howler monkey (D:7)
  3 hounds
  A gnoll bouda (D:6)
  4 orc priests
  8 iguanas
  10 orc wizards
  4 gnolls (D:6)
  5 adders
  4 worms
  4 dart slugs
  22 orcs
  5 bats
  5 endoplasms
  2 giant cockroaches
  3 goblins
  5 hobgoblins
  12 jackals
  3 quokkas
  8 ball pythons
  8 kobolds
  9 rats
  A butterfly (D:4)
141 creatures vanquished.

Vanquished Creatures (others)
  31 foxfires (D:6)
31 creatures vanquished.

Grand Total: 172 creatures vanquished

Notes
Turn   | Place    | Note
-------+----------+-------------------------------------------
     0 | D:1      | stormannn the Gnoll Cinder Acolyte began the quest for the
                  | Orb.
     0 | D:1      | Reached XP level 1. HP: 23/23 MP: 4/4
   298 | D:1      | Reached XP level 2. HP: 29/29 MP: 5/5
   313 | D:1      | Learned a level 2 spell: Scorch
  1158 | D:2      | Reached XP level 3. HP: 33/35 MP: 7/7
  1279 | D:2      | Reached skill level 1 in Invocations
  1521 | D:2      | Reached skill level 1 in Short Blades
  1521 | D:2      | Reached skill level 1 in Long Blades
  1521 | D:2      | Reached skill level 1 in Axes
  1521 | D:2      | Reached skill level 1 in Maces & Flails
  1521 | D:2      | Reached skill level 1 in Staves
  1521 | D:2      | Reached skill level 1 in Ranged Weapons
  1521 | D:2      | Reached skill level 1 in Throwing
  1521 | D:2      | Reached skill level 1 in Armour
  1521 | D:2      | Reached skill level 1 in Dodging
  1521 | D:2      | Reached skill level 1 in Stealth
  1521 | D:2      | Reached skill level 1 in Shields
  1521 | D:2      | Reached skill level 1 in Unarmed Combat
  1521 | D:2      | Reached skill level 1 in Evocations
  1636 | D:2      | Found a faded altar of an unknown god.
  2305 | D:3      | Reached XP level 4. HP: 38/41 MP: 8/8
  2430 | D:3      | Reached skill level 1 in Conjurations
  2430 | D:3      | Reached skill level 1 in Hexes
  2430 | D:3      | Reached skill level 1 in Summonings
  2430 | D:3      | Reached skill level 1 in Necromancy
  2430 | D:3      | Reached skill level 1 in Translocations
  2430 | D:3      | Reached skill level 1 in Transmutations
  2430 | D:3      | Reached skill level 1 in Ice Magic
  2430 | D:3      | Reached skill level 1 in Air Magic
  2430 | D:3      | Reached skill level 1 in Earth Magic
  2430 | D:3      | Reached skill level 1 in Poison Magic
  2965 | D:4      | Noticed a scorpion
  2973 | D:3      | Killed a scorpion
  2974 | D:3      | Reached XP level 5. HP: 42/47 MP: 9/9
  3022 | D:4      | Found Jacolukh's Weapon Boutique.
  3022 | D:4      | Found Xuaf's Antique Armour Boutique.
  3023 | D:4      | Found Deuseq's Antique Weapon Boutique.
  3024 | D:4      | Found Sukausuori's Jewellery Boutique.
  3043 | D:4      | Found a staircase to the Ecumenical Temple.
  3327 | D:4      | Reached XP level 6. HP: 53/53 MP: 11/11
  3658 | D:4      | Found a basalt altar of Yredelemnul.
  3659 | D:4      | Found a burning altar of Makhleb.
  4128 | D:4      | Noticed a two-headed ogre
  4133 | D:4      | Killed a two-headed ogre
  4134 | D:4      | Reached XP level 7. HP: 60/60 MP: 11/13
  4134 | D:4      | Reached XP level 8. HP: 67/67 MP: 11/14
  4489 | D:5      | Entered Level 5 of the Dungeon
  5179 | D:5      | Found a blossoming altar of Fedhas.
  5684 | D:5      | Learned a level 2 spell: Poisonous Vapours
  5688 | D:5      | Learned a level 3 spell: Inner Flame
  6347 | D:6      | Found an ornate altar of the Wu Jian Council.
  6478 | D:6      | Reached skill level 5 in Spellcasting
  6478 | D:6      | Reached XP level 9. HP: 73/73 MP: 16/16
  7416 | D:7      | Reached skill level 5 in Invocations
  7452 | D:7      | Noticed a troll
  7472 | D:7      | Noticed a gargoyle
  7472 | D:7      | Killed from afar by an acid dragon

Illustrated notes

Levels and vault maps discovered:
D:1:      lightli_arrival_maybe_door_vault, layout_loops_ring
D:2:      layout_basic, ebering_ecumenical_altar_box
D:3:      layout_rooms
D:4:      nicolae_cairo_tiling_large, layout_layer_cave,
          gammafunk_temple_overflow_pools, minmay_temple_entry_butterflies,
          minmay_shop_grid_forest, serial_park_tiny_pond,
          minmay_tree_intersection, minmay_misc_feat_square
D:5:      layout_loops_cross, fedhas_altar_2
D:6:      layout_cave_pools, nzn_wu_jian_contemplation, minmay_misc_feat_tower
D:7:      minmay_chambers_of_sevens, layout_gridville

Skill      XL: |  1  2  3  4  5  6  7  8  9 |
---------------+----------------------------+-----
Invocations    | 1 2 3 4 5 |  5.0
Short Blades   | 1 3 4 |  4.5
Long Blades    | 1 3 4 |  4.5
Axes           | 1 3 4 |  4.5
Maces & Flails | 1 3 4 |  4.5
Staves         | 1 3 4 |  4.5
Ranged Weapons | 1 3 4 |  4.5
Throwing       | 1 3 4 |  4.5
Armour         | 1 3 4 |  4.5
Dodging        | 1 3 4 |  4.5
Stealth        | 1 3 4 |  4.5
Shields        | 1 3 4 |  4.5
Unarmed Combat | 1 3 4 |  4.5
Evocations     | 1 3 4 |  4.5
Spellcasting   | 3 4 5 |  5.4
Conjurations   | 1 2 3 |  3.7
Hexes          | 1 2 3 |  3.7
Summonings     | 1 2 3 |  3.7
Necromancy     | 1 2 3 |  3.7
Translocations | 1 2 3 |  3.7
Transmutations | 1 2 3 |  3.7
Ice Magic      | 1 2 3 |  3.7
Air Magic      | 1 2 3 |  3.7
Earth Magic    | 1 2 3 |  3.7
Poison Magic   | 1 2 3 |  3.7
Fighting       | 7 8 |  8.0
Polearms       | 7 8 |  8.0
Fire Magic     | 6 |  6.7

Action                   |  1- 3 |  4- 6 |  7- 9 || total
-------------------------+-------+-------+-------++-------
Melee: Spear             |   175 |   163 |   430 ||   768
       Bite              |    12 |    10 |    54 ||    76
       Punch             |     1 |     4 |     2 ||     7
Throw: Dart              |       |     1 |     4 ||     5
 Cast: Scorch            |       |     3 |    28 ||    31
       Inner Flame       |       |       |     1 ||     1
Invok: Foxfire Swarm     |       |       |     2 ||     2
Evoke: Wand              |       |     4 |     5 ||     9
  Use: Scroll            |     8 |       |     3 ||    11
       Potion            |       |       |     4 ||     4
 Stab: Sleeping          |     2 |       |     1 ||     3
Armor: Robe              |    12 |       |       ||    12
       Scale mail        |    17 |     4 |       ||    21
       Swamp dragon scal |       |    28 |   121 ||   149
Dodge: Dodged            |    71 |    53 |   238 ||   362
Block: Kite shield       |       |       |   133 ||   133
